RedWings vs Ducks

Created - 20 février 2018 at 21:42

Goals
1 2 3 T
RedWings 2 3 0 5
Ducks 2 0 1 3
Shots
1 2 3 T
RedWings 16 16 9 41
Ducks 10 7 7 24

1st period

1. RedWings , Paul Martin 7 (Filip Forsberg 41, David Pastrnak 39) at 3:37
2. Ducks , William Nylander 15 (Matt Hunwick 14, Brandon Dubinsky 9) at 12:12
3. Ducks , Mark Scheifele 26 (Gabriel Landeskog 23) at 16:28
4. RedWings , Kris Russell 3 (Tyler Toffoli 13, Dennis Seidenberg 22) at 19:46

Penalties :
Josh Manson (ANA) for Holding (Minor) at 5:31

2nd period

5. RedWings , Dennis Seidenberg 5 (Micheal Ferland 4, Tyler Toffoli 14) at 6:00
6. RedWings , Tyler Toffoli 15 (Kris Russell 17, Erik Haula 8) at 15:47
7. RedWings , Sean Monahan 26 (David Pastrnak 40) at 15:53

Penalties :
Chris Kunitz (ANA) for Holding (Minor) at 7:39

3rd period

8. Ducks , Boone Jenner 8 (William Nylander 15, Brandon Dubinsky 10) at 13:23

Penalties :
Wayne Simmonds (ANA) for Holding Stick (Minor) at 1:31, Milan Lucic (ANA) for Hooking (Minor) at 15:17

Goalie Stats

John Gibson (DET), 21 saves from 24 shots - (0.875), W, 12-8-0, 60:00 minutes
Braden Holtby (ANA), 36 saves from 41 shots - (0.878), L, 19-25-4, 60:00 minutes

Players Stats for RedWings

Player Name              G  A  P  +/- PIM S  H  SB GA TA FO     MP     PP MP  PK MP  
------------------------------------------------------------------------------------
Andrew Cogliano          0  0  0   0  0   0  0  0  0  0  0/0     0:00   0:00   0:00 
Ben Lovejoy              0  0  0   2  0   3  5  3  0  0  0/0    23:48   3:26   0:00 
David Pastrnak           0  2  2   1  0   0  0  0  0  0  2/3    24:14   3:19   0:00 
Dennis Seidenberg        1  1  2   3  0   1  3  2  0  0  0/0    19:17   0:40   0:00 
Eric Gryba               0  0  0  -3  0   1  1  1  0  0  0/0    17:27   4:25   0:00 
Erik Haula               0  1  1   3  0   4  1  0  0  0  10/15  16:22   0:29   0:00 
Filip Forsberg           0  1  1   1  0   4  4  0  0  0  0/0    24:13   3:57   0:00 
Jonathan Drouin          0  0  0  -2  0   3  2  0  0  0  0/0    19:41   3:46   0:00 
Kris Russell             1  1  2   3  0   3  0  1  0  0  0/0    18:42   0:05   0:00 
Loui Eriksson            0  0  0  -2  0   1  1  0  0  0  0/0    19:59   4:04   0:00 
Micheal Ferland          0  1  1   2  0   1  1  0  0  0  0/1     4:55   0:00   0:00 
Nick Jensen              0  0  0  -3  0   0  0  1  0  0  0/0    13:53   0:00   0:00 
Paul Martin              1  0  1   2  0   4  0  1  0  0  0/0    22:14   3:45   0:00 
Ryan Hartman             0  0  0   1  0   0  2  0  0  0  1/1    10:58   0:00   0:00 
Sam Gagner               0  0  0  -2  0   2  0  0  0  0  10/29  19:25   3:30   0:00 
Sean Monahan             1  0  1   1  0   6  0  0  0  0  18/31  24:13   3:57   0:00 
Thomas Hickey            0  0  0   0  0   1  1  0  0  0  0/0     4:39   3:31   0:00 
Tyler Toffoli            1  2  3   3  0   7  0  0  0  0  2/4    16:00   0:46   0:00 

Players Stats for Ducks

Player Name              G  A  P  +/- PIM S  H  SB GA TA FO     MP     PP MP  PK MP  
------------------------------------------------------------------------------------
Blake Comeau             0  0  0  -2  0   1  1  0  0  0  0/0     9:09   0:00   4:06 
Boone Jenner             1  0  1   1  0   3  1  0  0  0  2/6    15:50   0:00   3:20 
Brandon Dubinsky         0  2  2   1  0   3  2  0  0  0  14/23  17:06   0:00   4:36 
Chris Kunitz             0  0  0  -2  2   0  1  0  0  0  0/0     5:02   0:00   0:00 
Claude Giroux            0  0  0  -1  0   0  0  0  0  0  12/21  15:59   0:00   0:00 
Derek Forbort            0  0  0  -3  0   1  1  3  0  0  0/0    21:52   0:00   4:04 
Gabriel Landeskog        0  1  1   0  0   2  0  0  0  0  0/1    18:32   0:00   0:00 
Josh Manson              0  0  0   2  2   1  3  1  0  0  0/0    21:20   0:00   2:23 
Karl Stollery            0  0  0   0  0   0  1  0  0  0  0/0    15:51   0:00   1:18 
Kris Letang              0  0  0  -4  0   1  0  2  0  0  0/0    22:48   0:00   4:15 
Mark Scheifele           1  0  1   0  0   6  0  0  0  0  10/24  18:32   0:00   0:00 
Matt Hunwick             0  1  1  -1  0   0  7  1  0  0  0/0    18:37   0:00   3:41 
Milan Lucic              0  0  0  -1  2   1  1  0  0  0  0/0    15:58   0:00   0:00 
Nikita Zaitsev           0  0  0   2  0   0  2  4  0  0  0/0    19:31   0:00   0:11 
T.J. Oshie               0  0  0  -1  0   2  1  0  0  0  0/0    16:29   0:00   0:30 
Wayne Simmonds           0  0  0   0  2   0  6  0  0  0  0/2    18:31   0:00   0:00 
William Nylander         1  1  2   1  0   2  0  0  0  0  0/0    12:30   0:00   0:00 
Yanni Gourde             0  0  0  -2  0   1  0  0  0  0  3/7     8:23   0:00   3:20 

3 Stars

1 - Tyler Toffoli (DET)
2 - Dennis Seidenberg (DET)
3 - Kris Russell (DET)

Power Play

RedWings - 0 on 4 Attempt(s) - 0.00%
Ducks - 0 on 0 Attempt(s) - 0.00%

Penalty Kill

RedWings - 0 on 0 Attempt(s) - 0.00% - Score 0 goal in Penalty Kill
Ducks - 4 on 4 Attempt(s) - 100.00% - Score 0 goal in Penalty Kill

Team Stat

RedWings - Hits : 21 - Faceoff Wins : 43 - Blocked Shots : 9 - Penalty Minutes : 0
Ducks - Hits : 27 - Faceoff Wins : 41 - Blocked Shots : 11 - Penalty Minutes : 8

Official

Referees : Kevin Pollock and Garrett Rank
Linesman : Ryan Galloway and Jonny Murray

Game Notes

No Game Note

Finance

Level 1 -- Attendance: 6148 (94.58%) -- Ticket Income 676 280 $
Level 2 -- Attendance: 4540 (90.80%) -- Ticket Income 340 500 $
Level 3 -- Attendance: 2600 (100.00%) -- Ticket Income 145 600 $
Level 4 -- Attendance: 2074 (100.00%) -- Ticket Income 82 960 $
Luxury Box -- Attendance: 996 (99.60%) -- Ticket Income 198 204 $
Game was played at the Honda Center.
Total Attendance: 16358 (95.25%)
Total Ticket Income: 1 443 544 $
Other Income: 216 532 $
Total Income: 1 660 076 $

% Time on Ice - RedWings

Lines # - Real PCT - Wanted PCT - Time Play
Normal Forward
1 - 39% - 40% - 20:16
2 - 31% - 30% - 15:55
3 - 21% - 20% - 10:58
4 - 9% - 10% - 4:55
Normal Defense
1 - 35% - 40% - 18:21
2 - 36% - 30% - 18:37
3 - 27% - 20% - 13:53
4 - 2% - 10% - 1:13
PP Forward
1 - 50% - 60% - 3:59
2 - 50% - 40% - 3:57
PP Defense
1 - 56% - 60% - 4:25
2 - 44% - 40% - 3:31
PK Forward
1 - 0% - 60%
2 - 0% - 40%
PK Defense
1 - 0% - 60%
2 - 0% - 40%
PK3 Forward
1 - 0% - 60%
2 - 0% - 40%
PK3 Defense
1 - 0% - 60%
2 - 0% - 40%
44 Forward
1 - 0% - 60%
2 - 0% - 40%
44 Defense
1 - 0% - 60%
2 - 0% - 40%
Last Minute Offensive  - 0:00
Last Minute Defensive  - 0:00
Total
Forward - 60:00
Defense - 60:00

% Time on Ice - Ducks

Lines # - Real PCT - Wanted PCT - Time Play
Normal Forward
1 - 36% - 34% - 18:32
2 - 31% - 30% - 15:59
3 - 24% - 25% - 12:30
4 - 10% - 11% - 5:03
Normal Defense
1 - 34% - 37% - 17:48
2 - 35% - 37% - 18:29
3 - 29% - 26% - 15:02
4 - 1% - 0% - 0:45
PP Forward
1 - 0% - 55%
2 - 0% - 45%
PP Defense
1 - 0% - 55%
2 - 0% - 45%
PK Forward
1 - 58% - 55% - 4:36
2 - 42% - 45% - 3:20
PK Defense
1 - 46% - 55% - 3:41
2 - 54% - 45% - 4:15
PK3 Forward
1 - 0% - 55%
2 - 0% - 45%
PK3 Defense
1 - 0% - 55%
2 - 0% - 45%
44 Forward
1 - 0% - 55%
2 - 0% - 45%
44 Defense
1 - 0% - 55%
2 - 0% - 45%
Last Minute Offensive  - 0:00
Last Minute Defensive  - 0:00
Total
Forward - 60:00
Defense - 60:00

Play by Play

1st period


0:01 of 1st period - Sean Monahan wins face-off versus Mark Scheifele in neutral zone.
0:01 of 1st period - Sean Monahan is hit by Wayne Simmonds.
0:30 of 1st period - Gabriel Landeskog is hit by Ben Lovejoy and loses puck.
0:37 of 1st period - Shot by Mark Scheifele.
0:37 of 1st period - Shot Blocked by Ben Lovejoy.
0:39 of 1st period - Shot by Gabriel Landeskog.
0:39 of 1st period - Shot Misses the Net.
0:41 of 1st period - Shot by Derek Forbort.
0:41 of 1st period - Shot Misses the Net.
0:43 of 1st period - Shot by Derek Forbort.
0:43 of 1st period - Stopped by John Gibson without a rebound.
0:44 of 1st period - Claude Giroux wins face-off versus Sam Gagner in RedWings zone.
0:53 of 1st period - Shot by Jonathan Drouin.
0:53 of 1st period - Stopped by Braden Holtby with a rebound.
1:44 of 1st period - Shot by William Nylander.
1:44 of 1st period - Shot Hit the Post.
1:59 of 1st period - Shot by William Nylander.
1:59 of 1st period - Shot Hit the Post.
2:01 of 1st period - Shot by William Nylander.
2:01 of 1st period - Shot Hit the Post.
2:37 of 1st period - Shot by Tyler Toffoli.
2:37 of 1st period - Stopped by Braden Holtby with a rebound.
2:39 of 1st period - Shot by Tyler Toffoli.
2:39 of 1st period - Shot Blocked by Derek Forbort.
3:03 of 1st period - Shot by Sean Monahan.
3:03 of 1st period - Shot Misses the Net.
3:05 of 1st period - Shot by Ben Lovejoy.
3:05 of 1st period - Shot Misses the Net.
3:07 of 1st period - Shot by Sean Monahan.
3:07 of 1st period - Shot Misses the Net.
3:09 of 1st period - Shot by Ben Lovejoy.
3:09 of 1st period - Stopped by Braden Holtby with a rebound.
3:25 of 1st period - Shot by Filip Forsberg.
3:25 of 1st period - Shot Blocked by Kris Letang.
3:27 of 1st period - Shot by Filip Forsberg.
3:27 of 1st period - Shot Misses the Net.
3:35 of 1st period - Shot by David Pastrnak.
3:35 of 1st period - Deflect By Filip Forsberg.
3:35 of 1st period - Stopped by Braden Holtby with a rebound.
3:37 of 1st period - Shot by Paul Martin.
3:37 of 1st period - Goal by Paul Martin - RedWings : 1 - Ducks : 0.
3:38 of 1st period - Mark Scheifele wins face-off versus Erik Haula in neutral zone.
3:40 of 1st period - Off-side.
3:41 of 1st period - Erik Haula wins face-off versus Mark Scheifele in neutral zone.
3:41 of 1st period - Erik Haula is hit by Wayne Simmonds.
3:45 of 1st period - Josh Manson is hit by Micheal Ferland.
3:46 of 1st period - Icing by Josh Manson.
3:47 of 1st period - Erik Haula wins face-off versus Mark Scheifele in Ducks zone.
3:47 of 1st period - Tyler Toffoli is hit by Josh Manson and loses puck.
4:15 of 1st period - Erik Haula is hit by Nikita Zaitsev and loses puck.
4:44 of 1st period - Shot by Sean Monahan.
4:44 of 1st period - Shot Misses the Net.
4:52 of 1st period - Shot by David Pastrnak.
4:52 of 1st period - Shot Blocked by Nikita Zaitsev.
4:58 of 1st period - Shot by Sean Monahan.
4:58 of 1st period - Shot Misses the Net.
5:13 of 1st period - Nikita Zaitsev is hit by Dennis Seidenberg and loses puck.
5:19 of 1st period - Jonathan Drouin is hit by Wayne Simmonds and loses puck.
5:31 of 1st period - Minor Penalty to Josh Manson for Holding.
5:32 of 1st period - Brandon Dubinsky wins face-off versus Sean Monahan in Ducks zone.
5:55 of 1st period - Shot by Sean Monahan.
5:55 of 1st period - Stopped by Braden Holtby without a rebound.
5:56 of 1st period - Boone Jenner wins face-off versus Sam Gagner in Ducks zone.
7:13 of 1st period - Shot by David Pastrnak.
7:13 of 1st period - Shot Misses the Net.
8:27 of 1st period - Shot by Blake Comeau.
8:27 of 1st period - Stopped by John Gibson without a rebound.
8:28 of 1st period - Sam Gagner wins face-off versus Wayne Simmonds in RedWings zone.
8:49 of 1st period - Shot by Loui Eriksson.
8:49 of 1st period - Shot Misses the Net.
9:30 of 1st period - Icing by David Pastrnak.
9:31 of 1st period - Claude Giroux wins face-off versus Sean Monahan in RedWings zone.
9:32 of 1st period - Shot by T.J. Oshie.
9:32 of 1st period - Stopped by John Gibson without a rebound.
9:33 of 1st period - Sean Monahan wins face-off versus Claude Giroux in RedWings zone.
9:44 of 1st period - Shot by T.J. Oshie.
9:44 of 1st period - Shot Hit the Post.
10:26 of 1st period - Shot by Brandon Dubinsky.
10:26 of 1st period - Stopped by John Gibson with a rebound.
10:28 of 1st period - Shot by Brandon Dubinsky.
10:28 of 1st period - Stopped by John Gibson without a rebound.
10:29 of 1st period - Sam Gagner wins face-off versus Mark Scheifele in RedWings zone.
10:44 of 1st period - Shot by Loui Eriksson.
10:44 of 1st period - Stopped by Braden Holtby without a rebound.
10:45 of 1st period - Brandon Dubinsky wins face-off versus Micheal Ferland in Ducks zone.
11:02 of 1st period - Shot by William Nylander.
11:02 of 1st period - Stopped by John Gibson without a rebound.
11:03 of 1st period - Sean Monahan wins face-off versus Claude Giroux in RedWings zone.
11:03 of 1st period - Sean Monahan is hit by Milan Lucic.
11:12 of 1st period - Shot by David Pastrnak.
11:12 of 1st period - Shot Misses the Net.
11:24 of 1st period - Shot by Filip Forsberg.
11:24 of 1st period - Shot Misses the Net.
11:26 of 1st period - Shot by Kris Russell.
11:26 of 1st period - Stopped by Braden Holtby without a rebound.
11:27 of 1st period - Sam Gagner wins face-off versus Brandon Dubinsky in Ducks zone.
11:36 of 1st period - Shot by Sam Gagner.
11:36 of 1st period - Stopped by Braden Holtby without a rebound.
11:37 of 1st period - Erik Haula wins face-off versus Mark Scheifele in Ducks zone.
11:38 of 1st period - Shot by Paul Martin.
11:38 of 1st period - Stopped by Braden Holtby with a rebound.
11:40 of 1st period - Shot by Ryan Hartman.
11:40 of 1st period - Shot Blocked by Derek Forbort.
11:42 of 1st period - Shot by Erik Haula.
11:42 of 1st period - Stopped by Braden Holtby without a rebound.
11:43 of 1st period - Sam Gagner wins face-off versus Brandon Dubinsky in Ducks zone.
11:48 of 1st period - Shot by Ben Lovejoy.
11:48 of 1st period - Stopped by Braden Holtby with a rebound.
11:57 of 1st period - Icing by Boone Jenner.
11:58 of 1st period - Brandon Dubinsky wins face-off versus Sean Monahan in Ducks zone.
12:08 of 1st period - Shot by Matt Hunwick.
12:08 of 1st period - Shot Misses the Net.
12:12 of 1st period - Shot by William Nylander.
12:12 of 1st period - Goal by William Nylander - RedWings : 1 - Ducks : 1.
12:13 of 1st period - Claude Giroux wins face-off versus Erik Haula in neutral zone.
12:22 of 1st period - Derek Forbort is hit by Ryan Hartman and loses puck.
12:35 of 1st period - Shot by Erik Haula.
12:35 of 1st period - Shot Misses the Net.
13:09 of 1st period - Derek Forbort is hit by Filip Forsberg and loses puck.
13:20 of 1st period - Shot by Sean Monahan.
13:20 of 1st period - Shot Misses the Net.
13:22 of 1st period - Shot by Kris Russell.
13:22 of 1st period - Stopped by Braden Holtby without a rebound.
13:23 of 1st period - Brandon Dubinsky wins face-off versus Sam Gagner in Ducks zone.
14:21 of 1st period - Icing by Kris Russell.
14:22 of 1st period - Mark Scheifele wins face-off versus Sean Monahan in RedWings zone.
14:22 of 1st period - Mark Scheifele is hit by Dennis Seidenberg.
14:24 of 1st period - Shot by Wayne Simmonds.
14:24 of 1st period - Shot Misses the Net.
14:26 of 1st period - Shot by Mark Scheifele.
14:26 of 1st period - Deflect By Wayne Simmonds.
14:26 of 1st period - Shot Blocked by Kris Russell.
14:30 of 1st period - Shot by Gabriel Landeskog.
14:30 of 1st period - Shot Misses the Net.
15:01 of 1st period - Shot by Wayne Simmonds.
15:01 of 1st period - Shot Blocked by Dennis Seidenberg.
15:03 of 1st period - Shot by Mark Scheifele.
15:03 of 1st period - Stopped by John Gibson without a rebound.
15:04 of 1st period - Yanni Gourde wins face-off versus Tyler Toffoli in RedWings zone.
15:21 of 1st period - Shot by Tyler Toffoli.
15:21 of 1st period - Shot Misses the Net.
15:58 of 1st period - Paul Martin is hit by Matt Hunwick and loses puck.
16:12 of 1st period - T.J. Oshie is hit by Eric Gryba and loses puck.
16:19 of 1st period - Shot by Claude Giroux.
16:19 of 1st period - Shot Blocked by Eric Gryba.
16:26 of 1st period - Icing by Eric Gryba.
16:27 of 1st period - Mark Scheifele wins face-off versus Sam Gagner in RedWings zone.
16:28 of 1st period - Shot by Gabriel Landeskog.
16:28 of 1st period - Deflect By Mark Scheifele.
16:28 of 1st period - Goal by Mark Scheifele - RedWings : 1 - Ducks : 2.
16:29 of 1st period - David Pastrnak wins face-off versus Mark Scheifele in neutral zone.
16:40 of 1st period - Icing by Dennis Seidenberg.
16:41 of 1st period - Brandon Dubinsky wins face-off versus Sean Monahan in RedWings zone.
16:41 of 1st period - Kris Letang is hit by Dennis Seidenberg and loses puck.
16:51 of 1st period - Icing by Derek Forbort.
16:52 of 1st period - Sam Gagner wins face-off versus Brandon Dubinsky in Ducks zone.
16:53 of 1st period - Shot by Jonathan Drouin.
16:53 of 1st period - Stopped by Braden Holtby without a rebound.
16:54 of 1st period - Sean Monahan wins face-off versus Mark Scheifele in Ducks zone.
17:05 of 1st period - Shot by David Pastrnak.
17:05 of 1st period - Shot Misses the Net.
17:11 of 1st period - Paul Martin is hit by Wayne Simmonds and loses puck.
18:52 of 1st period - Shot by Jonathan Drouin.
18:52 of 1st period - Shot Misses the Net.
19:13 of 1st period - Paul Martin is hit by Matt Hunwick.
19:15 of 1st period - Shot by Sean Monahan.
19:15 of 1st period - Stopped by Braden Holtby with a rebound.
19:21 of 1st period - Shot by Filip Forsberg.
19:21 of 1st period - Shot Misses the Net.
19:23 of 1st period - Shot by Ben Lovejoy.
19:23 of 1st period - Shot Hit the Post.
19:35 of 1st period - Kris Russell is hit by T.J. Oshie and loses puck.
19:44 of 1st period - Shot by Tyler Toffoli.
19:44 of 1st period - Shot Misses the Net.
19:46 of 1st period - Shot by Kris Russell.
19:46 of 1st period - Goal by Kris Russell - RedWings : 2 - Ducks : 2.
19:47 of 1st period - Yanni Gourde wins face-off versus Sam Gagner in neutral zone.
19:50 of 1st period - Sam Gagner is hit by Blake Comeau and loses puck.
19:55 of 1st period - Shot by Kris Letang.
19:55 of 1st period - Stopped by John Gibson without a rebound.
19:56 of 1st period - Mark Scheifele wins face-off versus Erik Haula in RedWings zone.
Goals for this period are 2 for RedWings vs 2 for Ducks.
Shots for this period are 16 for RedWings vs 10 for Ducks.

2nd period


0:01 of 2nd period - Mark Scheifele wins face-off versus Sean Monahan in neutral zone.
0:50 of 2nd period - Erik Haula is hit by Wayne Simmonds and loses puck.
1:07 of 2nd period - Shot by Brandon Dubinsky.
1:07 of 2nd period - Shot Misses the Net.
1:09 of 2nd period - Shot by Boone Jenner.
1:09 of 2nd period - Stopped by John Gibson without a rebound.
1:10 of 2nd period - Claude Giroux wins face-off versus Sam Gagner in RedWings zone.
1:54 of 2nd period - Off-side.
1:55 of 2nd period - Sean Monahan wins face-off versus Boone Jenner in neutral zone.
1:55 of 2nd period - Filip Forsberg is hit by Brandon Dubinsky and loses puck.
2:02 of 2nd period - Shot by Boone Jenner.
2:02 of 2nd period - Shot Misses the Net.
2:12 of 2nd period - Paul Martin is hit by Boone Jenner and loses puck.
3:01 of 2nd period - Shot by Mark Scheifele.
3:01 of 2nd period - Shot Misses the Net.
3:07 of 2nd period - Shot by Wayne Simmonds.
3:07 of 2nd period - Shot Blocked by Dennis Seidenberg.
3:09 of 2nd period - Shot by Mark Scheifele.
3:09 of 2nd period - Stopped by John Gibson without a rebound.
3:10 of 2nd period - Claude Giroux wins face-off versus Sam Gagner in RedWings zone.
3:11 of 2nd period - Shot by T.J. Oshie.
3:11 of 2nd period - Shot Misses the Net.
3:27 of 2nd period - Shot by Sam Gagner.
3:27 of 2nd period - Shot Blocked by Matt Hunwick.
3:29 of 2nd period - Shot by Eric Gryba.
3:29 of 2nd period - Stopped by Braden Holtby without a rebound.
3:30 of 2nd period - Sean Monahan wins face-off versus Mark Scheifele in Ducks zone.
3:33 of 2nd period - Shot by Sean Monahan.
3:33 of 2nd period - Shot Misses the Net.
4:02 of 2nd period - Shot by Gabriel Landeskog.
4:02 of 2nd period - Stopped by John Gibson with a rebound.
4:53 of 2nd period - Shot by Sam Gagner.
4:53 of 2nd period - Shot Misses the Net.
4:57 of 2nd period - Shot by Jonathan Drouin.
4:57 of 2nd period - Stopped by Braden Holtby with a rebound.
5:14 of 2nd period - Jonathan Drouin is hit by Karl Stollery and loses puck.
5:24 of 2nd period - Icing by Matt Hunwick.
5:25 of 2nd period - Erik Haula wins face-off versus Claude Giroux in Ducks zone.
5:25 of 2nd period - Tyler Toffoli is hit by Matt Hunwick and loses puck.
5:31 of 2nd period - Ryan Hartman is hit by Matt Hunwick and loses puck.
5:48 of 2nd period - Shot by Erik Haula.
5:48 of 2nd period - Stopped by Braden Holtby without a rebound.
5:49 of 2nd period - Brandon Dubinsky wins face-off versus Erik Haula in Ducks zone.
5:58 of 2nd period - Shot by Tyler Toffoli.
5:58 of 2nd period - Deflect By Micheal Ferland.
5:58 of 2nd period - Shot Misses the Net.
6:00 of 2nd period - Shot by Dennis Seidenberg.
6:00 of 2nd period - Goal by Dennis Seidenberg - RedWings : 3 - Ducks : 2.
6:01 of 2nd period - Mark Scheifele wins face-off versus Sam Gagner in neutral zone.
6:01 of 2nd period - Gabriel Landeskog is hit by Jonathan Drouin and loses puck.
7:01 of 2nd period - Icing by Ben Lovejoy.
7:02 of 2nd period - Sean Monahan wins face-off versus Brandon Dubinsky in RedWings zone.
7:29 of 2nd period - Shot by Brandon Dubinsky.
7:29 of 2nd period - Stopped by John Gibson without a rebound.
7:30 of 2nd period - Erik Haula wins face-off versus Claude Giroux in RedWings zone.
7:38 of 2nd period - Icing by Ryan Hartman.
7:39 of 2nd period - Erik Haula wins face-off versus Yanni Gourde in RedWings zone.
7:39 of 2nd period - Minor Penalty to Chris Kunitz for Holding.
7:40 of 2nd period - Sean Monahan wins face-off versus Brandon Dubinsky in Ducks zone.
7:49 of 2nd period - Shot by Sean Monahan.
7:49 of 2nd period - Stopped by Braden Holtby with a rebound.
8:01 of 2nd period - Shot by Filip Forsberg.
8:01 of 2nd period - Stopped by Braden Holtby with a rebound.
8:03 of 2nd period - Shot by Thomas Hickey.
8:03 of 2nd period - Stopped by Braden Holtby without a rebound.
8:04 of 2nd period - Sam Gagner wins face-off versus Boone Jenner in Ducks zone.
8:05 of 2nd period - Shot by Paul Martin.
8:05 of 2nd period - Shot Misses the Net.
9:09 of 2nd period - Shot by Filip Forsberg.
9:09 of 2nd period - Stopped by Braden Holtby without a rebound.
9:10 of 2nd period - Sean Monahan wins face-off versus Boone Jenner in Ducks zone.
9:13 of 2nd period - Shot by Sean Monahan.
9:13 of 2nd period - Stopped by Braden Holtby without a rebound.
9:14 of 2nd period - Brandon Dubinsky wins face-off versus Sam Gagner in Ducks zone.
9:43 of 2nd period - Icing by Ryan Hartman.
9:44 of 2nd period - Tyler Toffoli wins face-off versus Mark Scheifele in RedWings zone.
10:02 of 2nd period - Shot by Tyler Toffoli.
10:02 of 2nd period - Stopped by Braden Holtby without a rebound.
10:03 of 2nd period - Sean Monahan wins face-off versus Brandon Dubinsky in Ducks zone.
10:16 of 2nd period - Shot by Boone Jenner.
10:16 of 2nd period - Shot Misses the Net.
10:35 of 2nd period - David Pastrnak is hit by Matt Hunwick and loses puck.
10:48 of 2nd period - Shot by Tyler Toffoli.
10:48 of 2nd period - Stopped by Braden Holtby without a rebound.
10:49 of 2nd period - Claude Giroux wins face-off versus Sam Gagner in Ducks zone.
10:49 of 2nd period - Claude Giroux is hit by Jonathan Drouin.
10:59 of 2nd period - Shot by T.J. Oshie.
10:59 of 2nd period - Stopped by John Gibson without a rebound.
11:00 of 2nd period - Erik Haula wins face-off versus Mark Scheifele in RedWings zone.
11:07 of 2nd period - Kris Russell is hit by Wayne Simmonds and loses puck.
11:51 of 2nd period - Icing by Josh Manson.
11:52 of 2nd period - Sean Monahan wins face-off versus Mark Scheifele in Ducks zone.
11:55 of 2nd period - Shot by Filip Forsberg.
11:55 of 2nd period - Shot Misses the Net.
12:51 of 2nd period - Shot by Claude Giroux.
12:51 of 2nd period - Shot Blocked by Nick Jensen.
13:52 of 2nd period - Brandon Dubinsky is hit by Erik Haula and loses puck.
14:24 of 2nd period - Yanni Gourde is hit by Ben Lovejoy and loses puck.
14:28 of 2nd period - Yanni Gourde is hit by Ben Lovejoy and loses puck.
14:35 of 2nd period - Shot by Blake Comeau.
14:35 of 2nd period - Deflect By Yanni Gourde.
14:35 of 2nd period - Stopped by John Gibson without a rebound.
14:36 of 2nd period - Claude Giroux wins face-off versus Sam Gagner in RedWings zone.
15:47 of 2nd period - Shot by Tyler Toffoli.
15:47 of 2nd period - Goal by Tyler Toffoli - RedWings : 4 - Ducks : 2.
15:48 of 2nd period - Sean Monahan wins face-off versus Yanni Gourde in neutral zone.
15:53 of 2nd period - Shot by David Pastrnak.
15:53 of 2nd period - Deflect By Sean Monahan.
15:53 of 2nd period - Goal by Sean Monahan - RedWings : 5 - Ducks : 2.
15:54 of 2nd period - Sean Monahan wins face-off versus Yanni Gourde in neutral zone.
15:54 of 2nd period - David Pastrnak is hit by Chris Kunitz and loses puck.
16:21 of 2nd period - Shot by Yanni Gourde.
16:21 of 2nd period - Shot Blocked by Paul Martin.
16:50 of 2nd period - Shot by Mark Scheifele.
16:50 of 2nd period - Shot Blocked by Ben Lovejoy.
17:00 of 2nd period - Shot by Wayne Simmonds.
17:00 of 2nd period - Shot Misses the Net.
17:02 of 2nd period - Shot by Mark Scheifele.
17:02 of 2nd period - Shot Misses the Net.
17:04 of 2nd period - Shot by Josh Manson.
17:04 of 2nd period - Stopped by John Gibson without a rebound.
17:05 of 2nd period - Claude Giroux wins face-off versus Tyler Toffoli in RedWings zone.
17:13 of 2nd period - Icing by Dennis Seidenberg.
17:14 of 2nd period - Erik Haula wins face-off versus Brandon Dubinsky in RedWings zone.
17:14 of 2nd period - Erik Haula is hit by Brandon Dubinsky.
17:22 of 2nd period - Shot by Erik Haula.
17:22 of 2nd period - Stopped by Braden Holtby without a rebound.
17:23 of 2nd period - Claude Giroux wins face-off versus Sam Gagner in Ducks zone.
18:02 of 2nd period - Shot by Milan Lucic.
18:02 of 2nd period - Shot Misses the Net.
19:00 of 2nd period - Nikita Zaitsev is hit by Ryan Hartman and loses puck.
19:08 of 2nd period - Icing by Brandon Dubinsky.
19:09 of 2nd period - Sean Monahan wins face-off versus Brandon Dubinsky in Ducks zone.
19:13 of 2nd period - Filip Forsberg is hit by Josh Manson and loses puck.
19:16 of 2nd period - Shot by Filip Forsberg.
19:16 of 2nd period - Stopped by Braden Holtby with a rebound.
19:24 of 2nd period - Shot by Sean Monahan.
19:24 of 2nd period - Stopped by Braden Holtby without a rebound.
19:25 of 2nd period - Sean Monahan wins face-off versus Gabriel Landeskog in Ducks zone.
19:27 of 2nd period - David Pastrnak is hit by Matt Hunwick and loses puck.
19:58 of 2nd period - Shot by Wayne Simmonds.
19:58 of 2nd period - Shot Misses the Net.
Goals for this period are 3 for RedWings vs 0 for Ducks.
Shots for this period are 16 for RedWings vs 7 for Ducks.

3rd period


0:01 of 3rd period - Sean Monahan wins face-off versus Wayne Simmonds in neutral zone.
0:03 of 3rd period - Filip Forsberg is hit by Josh Manson and loses puck.
0:23 of 3rd period - Shot by Mark Scheifele.
0:23 of 3rd period - Stopped by John Gibson without a rebound.
0:24 of 3rd period - Brandon Dubinsky wins face-off versus Sam Gagner in RedWings zone.
0:28 of 3rd period - Icing by Loui Eriksson.
0:29 of 3rd period - Brandon Dubinsky wins face-off versus Sam Gagner in RedWings zone.
0:43 of 3rd period - Icing by Kris Letang.
0:44 of 3rd period - Brandon Dubinsky wins face-off versus Sean Monahan in Ducks zone.
0:53 of 3rd period - Shot by Boone Jenner.
0:53 of 3rd period - Stopped by John Gibson without a rebound.
0:54 of 3rd period - Sam Gagner wins face-off versus Mark Scheifele in RedWings zone.
1:31 of 3rd period - Minor Penalty to Wayne Simmonds for Holding Stick.
1:32 of 3rd period - Brandon Dubinsky wins face-off versus Sean Monahan in Ducks zone.
1:51 of 3rd period - Boone Jenner is hit by Filip Forsberg and loses puck.
2:53 of 3rd period - Icing by Eric Gryba.
2:54 of 3rd period - Brandon Dubinsky wins face-off versus Sean Monahan in RedWings zone.
3:43 of 3rd period - Shot by Erik Haula.
3:43 of 3rd period - Stopped by Braden Holtby with a rebound.
3:45 of 3rd period - Shot by Dennis Seidenberg.
3:45 of 3rd period - Shot Blocked by Nikita Zaitsev.
3:47 of 3rd period - Shot by Dennis Seidenberg.
3:47 of 3rd period - Shot Blocked by Nikita Zaitsev.
4:42 of 3rd period - Shot by Gabriel Landeskog.
4:42 of 3rd period - Shot Blocked by Ben Lovejoy.
4:56 of 3rd period - Shot by Mark Scheifele.
4:56 of 3rd period - Shot Misses the Net.
4:59 of 3rd period - Mark Scheifele is hit by Thomas Hickey and loses puck.
5:33 of 3rd period - Shot by Tyler Toffoli.
5:33 of 3rd period - Stopped by Braden Holtby without a rebound.
5:34 of 3rd period - Yanni Gourde wins face-off versus Sean Monahan in Ducks zone.
5:34 of 3rd period - Yanni Gourde is hit by Filip Forsberg.
5:47 of 3rd period - Shot by Yanni Gourde.
5:47 of 3rd period - Deflect By Blake Comeau.
5:47 of 3rd period - Shot Misses the Net.
6:08 of 3rd period - Icing by Eric Gryba.
6:09 of 3rd period - Mark Scheifele wins face-off versus David Pastrnak in RedWings zone.
7:16 of 3rd period - Icing by Jonathan Drouin.
7:17 of 3rd period - Brandon Dubinsky wins face-off versus Sam Gagner in RedWings zone.
7:17 of 3rd period - William Nylander is hit by Ben Lovejoy and loses puck.
8:26 of 3rd period - Shot by Tyler Toffoli.
8:26 of 3rd period - Deflect By Micheal Ferland.
8:26 of 3rd period - Stopped by Braden Holtby without a rebound.
8:27 of 3rd period - Erik Haula wins face-off versus Claude Giroux in Ducks zone.
8:28 of 3rd period - Shot by Tyler Toffoli.
8:28 of 3rd period - Stopped by Braden Holtby without a rebound.
8:29 of 3rd period - Claude Giroux wins face-off versus Erik Haula in Ducks zone.
8:36 of 3rd period - Shot by Tyler Toffoli.
8:36 of 3rd period - Shot Misses the Net.
8:51 of 3rd period - Icing by Ben Lovejoy.
8:52 of 3rd period - Tyler Toffoli wins face-off versus Mark Scheifele in RedWings zone.
9:11 of 3rd period - Shot by Mark Scheifele.
9:11 of 3rd period - Stopped by John Gibson without a rebound.
9:12 of 3rd period - Claude Giroux wins face-off versus Sean Monahan in RedWings zone.
10:10 of 3rd period - Filip Forsberg is hit by Derek Forbort and loses puck.
11:37 of 3rd period - Ryan Hartman is hit by Nikita Zaitsev and loses puck.
11:42 of 3rd period - Shot by Tyler Toffoli.
11:42 of 3rd period - Stopped by Braden Holtby with a rebound.
11:44 of 3rd period - Shot by Ben Lovejoy.
11:44 of 3rd period - Shot Misses the Net.
11:46 of 3rd period - Shot by Paul Martin.
11:46 of 3rd period - Stopped by Braden Holtby without a rebound.
11:47 of 3rd period - David Pastrnak wins face-off versus Claude Giroux in Ducks zone.
11:47 of 3rd period - Kris Russell is hit by Matt Hunwick and loses puck.
13:02 of 3rd period - Shot by Tyler Toffoli.
13:02 of 3rd period - Shot Misses the Net.
13:04 of 3rd period - Shot by Ben Lovejoy.
13:04 of 3rd period - Shot Hit the Post.
13:06 of 3rd period - Shot by Paul Martin.
13:06 of 3rd period - Shot Misses the Net.
13:08 of 3rd period - Shot by Ben Lovejoy.
13:08 of 3rd period - Stopped by Braden Holtby without a rebound.
13:09 of 3rd period - Mark Scheifele wins face-off versus Sam Gagner in Ducks zone.
13:17 of 3rd period - Icing by Nick Jensen.
13:18 of 3rd period - Brandon Dubinsky wins face-off versus Sam Gagner in RedWings zone.
13:23 of 3rd period - Shot by Boone Jenner.
13:23 of 3rd period - Goal by Boone Jenner - RedWings : 5 - Ducks : 3.
13:24 of 3rd period - Claude Giroux wins face-off versus Sam Gagner in neutral zone.
13:24 of 3rd period - Claude Giroux is hit by Loui Eriksson.
13:27 of 3rd period - Off-side.
13:28 of 3rd period - Ryan Hartman wins face-off versus Claude Giroux in neutral zone.
13:43 of 3rd period - Shot by Milan Lucic.
13:43 of 3rd period - Stopped by John Gibson without a rebound.
13:44 of 3rd period - Mark Scheifele wins face-off versus Sam Gagner in RedWings zone.
14:13 of 3rd period - Icing by Gabriel Landeskog.
14:14 of 3rd period - Mark Scheifele wins face-off versus Sean Monahan in Ducks zone.
14:21 of 3rd period - Shot by Mark Scheifele.
14:21 of 3rd period - Stopped by John Gibson with a rebound.
14:24 of 3rd period - Gabriel Landeskog is hit by Ben Lovejoy and loses puck.
14:51 of 3rd period - Shot by Sean Monahan.
14:51 of 3rd period - Shot Blocked by Nikita Zaitsev.
15:13 of 3rd period - Kris Letang is hit by Filip Forsberg and loses puck.
15:17 of 3rd period - Minor Penalty to Milan Lucic for Hooking.
15:18 of 3rd period - Sam Gagner wins face-off versus Brandon Dubinsky in Ducks zone.
15:19 of 3rd period - Shot by Dennis Seidenberg.
15:19 of 3rd period - Shot Blocked by Kris Letang.
15:21 of 3rd period - Shot by Loui Eriksson.
15:21 of 3rd period - Shot Blocked by Derek Forbort.
16:02 of 3rd period - Off-side.
16:03 of 3rd period - Boone Jenner wins face-off versus Sean Monahan in neutral zone.
16:48 of 3rd period - Shot by Sam Gagner.
16:48 of 3rd period - Stopped by Braden Holtby without a rebound.
16:49 of 3rd period - Sam Gagner wins face-off versus Yanni Gourde in Ducks zone.
17:29 of 3rd period - Shot by Erik Haula.
17:29 of 3rd period - Shot Blocked by Josh Manson.
18:00 of 3rd period - Icing by Josh Manson.
18:01 of 3rd period - Sean Monahan wins face-off versus Claude Giroux in Ducks zone.
18:14 of 3rd period - Shot by Paul Martin.
18:14 of 3rd period - Stopped by Braden Holtby with a rebound.
18:37 of 3rd period - Icing by Derek Forbort.
18:38 of 3rd period - Sam Gagner wins face-off versus Mark Scheifele in Ducks zone.
19:07 of 3rd period - Shot by Gabriel Landeskog.
19:07 of 3rd period - Stopped by John Gibson without a rebound.
19:08 of 3rd period - Erik Haula wins face-off versus Boone Jenner in RedWings zone.
19:44 of 3rd period - Off-side.
19:45 of 3rd period - Sean Monahan wins face-off versus Claude Giroux in neutral zone.
19:52 of 3rd period - Shot by Filip Forsberg.
19:52 of 3rd period - Shot Misses the Net.
Goals for this period are 0 for RedWings vs 1 for Ducks.
Shots for this period are 9 for RedWings vs 7 for Ducks.